Map: Catalyst LE

Players

lllllllIIIIl (Nina)

  • Race: Protoss Protoss
  • League: Grandmaster
  • Spawn Location: 5:00

Scarlett - Winner!

  • Race: Zerg Zerg
  • Spawn Location: 11:00

VOD

Have the link to the VOD?

Description

Time

  • Played on: Dec. 23, 2017, 8:57 p.m.
  • Length: 10:06
Show
View Real Time Build Order
Export as new Build Order

lllllllIIIIl Protoss 

Build Orders: 1 Gate Expand 

Get SALT Encoding   

  12  0:00  Probe  
  13  0:12  Probe  
  14  0:20  Pylon  
  14  0:25  Probe  
  15  0:38  Probe (Chrono Boost)  
  15  0:40  Gateway  
  16  0:47  Probe (Chrono Boost)  
  17  0:52  Probe (Chrono Boost)  
  18  0:57  Assimilator  
  18  1:04  Probe  
  19  1:16  Probe  
  20  1:28  Nexus  
  20  1:38  Cybernetics Core  
  20  1:39  Probe  
  21  1:45  Assimilator  
  21  1:51  Probe  
  22  1:55  Pylon  
  22  2:03  Probe  
  23  2:09  Warp Gate (Chrono Boost)  
  23  2:12  Adept (Chrono Boost)  
  25  2:16  Probe  
  26  2:28  Gateway, Probe  
  27  2:31  Sentry  
  29  2:40  Probe  
  29  2:43  Probe  
  31  2:52  Probe  
  31  2:55  Probe  
  31  2:58  Sentry  
  35  3:04  Probe  
  35  3:07  Probe  
  36  3:14  Gateway  
  36  3:16  Sentry, Probe  
  36  3:19  Probe  
  40  3:22  Pylon  
  40  3:28  Sentry  
  40  3:31  Probe x2 (Chrono Boost)  
  44  3:35  Pylon  
  46  3:42  Pylon  
  46  3:43  Probe (Chrono Boost)  
  46  3:45  Probe (Chrono Boost)  
  46  3:47  Probe (Chrono Boost)  
  46  3:52  Probe  
  48  3:58  Probe  
  49  4:04  Zealot x2, Probe  
  54  4:10  Probe  
  54  4:13  Nexus  
  54  4:17  Adept, Probe  
  56  4:18  Pylon  
  56  4:23  Probe  
  59  4:25  Zealot  
  59  4:26  Zealot  
  63  4:35  Probe  
  63  4:36  Probe  
  63  4:38  Pylon  
  65  4:45  Robotics Facility, Adept  
  63  4:46  Adept  
  63  4:48  Probe  
  68  4:59  Gateway  
  68  5:00  Gateway  
  68  5:09  Probe  
  68  5:10  Probe  
  68  5:13  Pylon  
  70  5:14  Assimilator  
  70  5:16  Assimilator  
  70  5:17  Twilight Council  
  70  5:20  Shield Battery  
  70  5:22  Sentry x2, Probe  
  70  5:24  Pylon  
  70  5:25  Stalker  
  70  5:26  Probe  
  78  5:28  Probe  
  78  5:34  Probe  
  80  5:36  Immortal (Chrono Boost)  
  80  5:38  Probe  
  85  5:48  Probe  
  85  5:55  Stalker x3  
  91  6:03  Probe  
  92  6:05  Warp Prism (Chrono Boost)  
  92  6:07  Blink (Chrono Boost)  
  90  6:12  Probe  
  90  6:13  Probe  
  90  6:15  Probe  
  93  6:20  Stalker x3  
  93  6:22  Adept  
  93  6:24  Adept  
  103  6:28  Probe x2  
  103  6:32  Pylon  
  105  6:36  Probe, Gateway, Observer  
  107  6:40  Probe  
  107  6:42  Probe  
  107  6:44  Gateway  
  109  6:49  Probe  
  110  6:55  Stalker x2  
  110  6:56  Stalker x2  
  110  6:58  Stalker  
  110  7:00  Probe x2  
  122  7:04  Probe  
  122  7:08  Assimilator  
  123  7:12  Pylon, Probe  
  123  7:14  Assimilator, Pylon  
  124  7:16  Shield Battery  
  124  7:23  Robotics Bay  
  124  7:25  Robotics Facility  
  124  7:37  Stalker x3  
  124  7:38  Stalker  
  124  7:39  Stalker  
  124  7:43  Zealot x2  
  138  7:48  Pylon x2  
  138  7:55  Nexus  
  138  7:58  Pylon  
  138  8:04  Stalker  
  140  8:10  Stalker x2  
  144  8:17  Stalker x2  
  144  8:18  Stalker  
  132  8:20  Colossus (Chrono Boost)  
  132  8:26  Colossus (Chrono Boost)  
  138  8:32  Shield Battery  
  144  8:34  Pylon  
  144  8:36  Stalker  
  144  8:37  Stalker  
  148  8:45  Adept x2  
  152  8:49  Stalker x2  
  152  8:50  Stalker  
  152  8:54  Pylon  
  155  8:58  Observer  
  155  9:09  Stalker x4  
  163  9:12  Dark Shrine  
  161  9:21  Observer (Chrono Boost)  
  161  9:23  Observer (Chrono Boost)  
  162  9:26  Nexus, Stalker x3  
  162  9:28  Pylon  
  163  9:51  Stalker  
  163  9:52  Stalker x3  
Show
View Real Time Build Order
Export as new Build Order

Scarlett Zerg - Winner!

Build Orders: Pool First, Lurkers 

Get SALT Encoding   

  12  0:00  Drone  
  13  0:10  Drone  
  14  0:17  Overlord  
  14  0:23  Extractor, Drone  
  15  0:35  Drone x2  
  17  0:52  Drone  
  17  0:53  Extractor  
  17  0:54  Drone  
  17  0:55  Spawning Pool  
  17  1:16  Drone  
  18  1:18  Hatchery  
  18  1:22  Drone  
  18  1:27  Drone  
  19  1:41  Queen  
  19  1:42  Zergling x2  
  22  1:48  Overlord  
  22  1:57  Metabolic Boost  
  22  2:07  Zergling x2  
  23  2:10  Drone  
  24  2:17  Queen  
  26  2:24  Drone  
  27  2:31  Drone x2  
  29  2:44  Drone x2  
  29  2:48  Hatchery  
  30  2:53  Overlord  
  30  2:57  Drone x2  
  32  3:00  Overlord  
  31  3:07  Drone x2  
  33  3:13  Queen  
  33  3:16  Drone x2  
  37  3:20  Drone  
  37  3:25  Drone  
  39  3:28  Queen  
  39  3:32  Drone x3  
  39  3:34  Drone  
  45  3:42  Roach Warren, Extractor  
  45  3:46  Drone x3  
  46  3:53  Drone  
  47  3:57  Zergling x4  
  47  3:58  Zergling x2  
  47  3:59  Overlord  
  47  4:02  Queen  
  52  4:06  Drone x2  
  54  4:10  Drone x2  
  54  4:13  Drone  
  54  4:15  Overlord  
  57  4:20  Lair  
  57  4:21  Drone  
  58  4:27  Drone x3  
  61  4:37  Overlord  
  61  4:38  Drone  
  61  4:39  Drone x5  
  67  4:46  Evolution Chamber  
  67  4:48  Roach x3  
  67  4:49  Roach  
  74  4:54  Extractor, Overlord  
  73  5:04  Roach x2  
  77  5:10  Ravager  
  77  5:13  Roach x3  
  84  5:14  Ravager  
  84  5:16  Drone x5  
  84  5:21  Zerg Missile Weapons Level 1, Overlord x2  
  90  5:24  Overlord  
  90  5:35  Extractor x3, Drone x2  
  87  5:36  Overlord, Drone  
  87  5:39  Hydralisk Den  
  89  5:49  Drone x7  
  94  5:59  Drone x4  
  95  6:04  Drone  
  95  6:05  Drone x2  
  95  6:06  Drone x2  
  95  6:07  Drone  
  95  6:11  Muscular Augments  
  98  6:15  Drone x2  
  98  6:16  Drone  
  101  6:19  Drone x5  
  101  6:22  Hydralisk x2  
  110  6:28  Lurker Den, Pneumatized Carapace  
  110  6:29  Overseer  
  110  6:30  Overseer  
  110  6:31  Overlord  
  109  6:43  Roach x4  
  109  6:44  Ravager  
  109  6:46  Hatchery  
  117  6:53  Glial Reconstitution  
  115  6:54  Roach  
  115  6:55  Roach x3  
  115  6:58  Hydralisk  
  115  6:59  Zergling x8  
  129  7:03  Overlord x2  
  129  7:13  Overlord  
  129  7:14  Zerg Missile Weapons Level 2  
  129  7:20  Overlord x2  
  129  7:29  Hydralisk x7  
  139  7:32  Drone  
  144  7:39  Overlord  
  144  7:40  Drone x2  
  144  7:41  Extractor, Drone  
  146  7:45  Extractor  
  146  7:46  Overlord  
  146  7:47  Hydralisk  
  146  7:48  Hydralisk x4  
  155  7:51  Hydralisk x2  
  155  7:57  Hydralisk x2  
  163  7:59  Hydralisk  
  163  8:00  Zergling x2  
  163  8:03  Hydralisk, Zergling x2  
  169  8:08  Zergling x10  
  171  8:22  Drone  
  171  8:26  Extractor  
  171  8:28  Drone x3  
  171  8:29  Overlord  
  175  8:34  Lurker x4  
  175  8:39  Hydralisk x2  
  175  8:40  Zergling x8  
  186  8:43  Hatchery  
  186  8:45  Overlord x2  
  185  8:58  Lurker  
  185  8:59  Lurker  
  185  9:04  Infestation Pit  
  183  9:10  Lurker x3  
  183  9:11  Zergling x16  
  183  9:13  Spine Crawler  
  183  9:15  Spore Crawler  
  191  9:28  Lurker x4  
  191  9:30  Spine Crawler  
  194  9:31  Spine Crawler  
Tags
 
Add a new tag
Caveats
  • Supply blocks, unpowered buildings, or Contaminate may cause inaccurate times.
  • Supply counts are checked every 10 seconds.